 Dungeon Crawl Stone Soup version 0.25.1-2-g60ff931df9 (webtiles) character file.

Game seed: 4148860254752343674

8600 Delamore the Basher (level 11, -3/90 HPs)
             Began as a Gargoyle Fighter on Aug 24, 2020.
             Was an Elder of Okawaru.
             Slain by a salamander
             ... wielding a +0 trident
              (10 damage)
             ... in a volcano.
             The game lasted 00:10:24 (11270 turns).

Delamore the Basher (Gargoyle Fighter)             Turns: 11270, Time: 00:10:24

Health: -3/90      AC: 28    Str: 22    XL:     11   Next: 33%
Magic:  11/11      EV:  7    Int: 10    God:    Okawaru [****..]
Gold:   487        SH: 12    Dex:  9    Spells: 10/10 levels left

rFire    . . .     SeeInvis .   E - +2 mace (protect)
rCold    . . .     Gourm    .   c - +0 kite shield
rNeg     + . .     Faith    .   h - +0 chain mail
rPois    ∞         Spirit   .   (no helmet)
rElec    +         Reflect  .   B - +0 cloak
rCorr    .         Harm     .   j - +0 pair of gloves
MR       .....                  k - +1 pair of boots
Stlth    ..........             (no amulet)
HPRegen  0.25/turn              (no ring)
MPRegen  0.12/turn              (no ring)

@: berserking, protection aura, very quick
A: negative energy resistance 1, electricity resistance, unbreathing,
petrification resistance, rot immunity, AC +8
a: Heroism, Renounce Religion


You were in a volcano.
You worshipped Okawaru.
Okawaru was greatly pleased with you.
You were not hungry.

You visited 3 branches of the dungeon, and saw 11 of its levels.
You also visited: Volcano.

You collected 487 gold pieces.

Inventory:

Hand Weapons
 a - a +0 flail
 E - a +2 mace of protection (weapon)
 F - a +2 whip of electrocution
Missiles
 i - 5 javelins (quivered)
 J - 4 atropa-tipped darts
Armour
 c - a +0 kite shield (worn)
 h - a +0 chain mail (worn)
 j - a +0 pair of gloves (worn)
 k - a +1 pair of boots (worn)
 B - a +0 cloak (worn)
Jewellery
 L - the ring of Withronn {rElec rN+ Int+2 Dex-5}
   (You found it on level 8 of the Dungeon)

   [ring of positive energy]

   It affects your intelligence (+2).
   It affects your dexterity (-5).
   It insulates you from electricity.
   It protects you from negative energy.
 N - an uncursed ring of protection from magic {unknown}
Wands
 x - a wand of random effects (15)
 A - a wand of flame (12)
 I - a wand of polymorph (13)
Scrolls
 b - a scroll of random uselessness {unknown}
 m - a scroll of enchant armour
 n - 2 scrolls of teleportation
 o - 2 scrolls of blinking
 r - 2 scrolls of fog
 y - 3 scrolls of remove curse
 z - 3 scrolls of magic mapping
 G - a scroll of fear {unknown}
 H - a scroll of amnesia
 K - a scroll of acquirement {unknown}
Potions
 d - 2 potions of might
 e - 2 potions of haste
 g - a potion of stabbing
 l - 2 potions of ambrosia
 p - 2 potions of magic
 q - 3 potions of lignification
 s - 6 potions of curing
 t - a potion of berserk rage
 v - 3 potions of brilliance {unknown}
 w - a potion of cancellation {unknown}
 C - 2 potions of flight {unknown}
 D - a potion of degeneration {unknown}
Comestibles
 f - 19 rations
 M - 3 chunks of flesh


   Skills:
 - Level 3.2 Fighting
 - Level 14.0 Maces & Flails
 - Level 3.2 Armour
 + Level 10.9 Shields


You had 10 spell levels left.
You didn't know any spells.
Your spell library contained the following spells:

 Spells                   Type           Power        Failure   Level  Hunger
 Animate Skeleton         Necr           N/A          99%         1    ##.....
 Magic Dart               Conj           #...         99%         1    ##.....
 Pain                     Necr           #...         99%         1    ##.....
 Shock                    Conj/Air       #...         99%         1    ##.....
 Summon Small Mammal      Summ           #...         99%         1    ##.....
 Blink                    Tloc           N/A          100%        2    ###....
 Call Imp                 Summ           #.......     100%        2    ###....
 Slow                     Hex            #.......     100%        2    ###....
 Swiftness                Chrm/Air       #.......     100%        2    ###....
 Call Canine Familiar     Summ           #.......     100%        3    ####...
 Conjure Flame            Conj/Fire      #.......     100%        3    ####...
 Mephitic Cloud           Conj/Pois/Air  #.......     100%        3    ####...
 Static Discharge         Conj/Air       #.......     100%        3    ####...
 Summon Guardian Golem    Hex/Summ       #.......     100%        3    ####...
 Vampiric Draining        Necr           #.........   100%        3    ####...
 Airstrike                Air            #.........   100%        4    #####..
 Animate Dead             Necr           N/A          100%        4    #####..
 Summon Ice Beast         Ice/Summ       #.......     100%        4    #####..
 Summon Lightning Spire   Summ/Air       #.......     100%        4    #####..
 Agony                    Necr           #.......     100%        5    ######.
 Bolt of Magma            Conj/Fire/Erth #.........   100%        5    ######.
 Iskenderun's Battlesphe  Conj/Chrm      #.......     100%        5    ######.
 Lightning Bolt           Conj/Air       #.........   100%        5    ######.
 Iron Shot                Conj/Erth      #.........   100%        6    #######
 Orb of Destruction       Conj           #.........   100%        7    #######
 Spellforged Servitor     Conj/Summ      #.........   100%        7    #######


Dungeon Overview and Level Annotations

Branches:
Dungeon (8/15)             Temple (1/1) D:7            Lair (2/6) D:8
  Swamp (0/4) Lair:2      Volcano (1/1)
  Snake: Lair:2-4    Spider: Lair:2-4

Altars:
Ashenzari
Cheibriados
Dithmenos
Elyvilon
Fedhas
Gozag
Hepliaklqana
Kikubaaqudgha
Makhleb
Nemelex Xobeh
Okawaru
Qazlal
Ru
Sif Muna
Trog
Uskayaw
Vehumet
Wu Jian
Xom
Yredelemnul
Zin
The Shining One

Shops:
D:6 %

Annotations:
D:7 Blork the orc


Innate Abilities, Weirdness & Mutations

You are resistant to torment.
Your stone body is resilient. (AC +8)
You are immune to poison.
You resist negative energy. (rN+)
You are resistant to electric shocks. (rElec)
You can survive without breathing.
You are immune to petrification.
You are immune to rotting.


Message History

The salamander hits you but does no damage.
You hit the salamander.
The salamander is lightly wounded.
The salamander barely misses you.
You closely miss the salamander.
The salamander is lightly wounded.
The salamander hits you but does no damage. x2
You hit the salamander but do no damage.
The salamander is lightly wounded.
The salamander hits you.
* * * LOW HITPOINT WARNING * * *
You are engulfed in flames!
* * * LOW HITPOINT WARNING * * *
Okay, then.
A red film seems to cover your vision as you go berserk!
You feel yourself moving faster!
You feel mighty!
The salamander hits you from afar with a +0 trident.
* * * LOW HITPOINT WARNING * * *
You are engulfed in flames!
You die...

§§ #..+.$.[.+
≈§§§##..'.._..+
§≈§≈#...#p....#
§§§≈#...#######
≈≈§#...+)[.!)+
§≈≈#...#°.≈..#
#..N#8≈≈°8#
#..+..≈..+
#N@+°.°.°+ §
≈##)#8.°°8# #≈≈
§≈###...°.###≈≈≈
≈≈≈§≈...°°°§≈≈≈≈
#§≈§≈8..°8≈≈≈§≈≈
###§§.....°≈§≈≈#
#≈§.....§≈§###
##§8...8≈≈≈#
##.....####


You could see 2 salamanders.

Vanquished Creatures
  2 two-headed ogres (D:8)
  A salamander mystic (Volcano)
  Pikel (D:6)
  A cyclops (D:8)
  A salamander (Volcano)
  A black mamba (Lair:1)
  2 spiny frogs (Lair:1)
  Prince Ribbit (D:8)
  A hornet (D:7)
  A spriggan (D:7)
  A basilisk (Lair:1)
  Eustachio (D:4)
  A wyvern (D:8)
  Menkaure (D:6)
  A soldier ant (D:7)
  2 water moccasins (Lair:1)
  3 porcupines
  3 sky beasts
  A slave (D:6)
  A black bear (D:8)
  3 ogres
  A necrophage (D:7)
  2 orc warriors
  2 phantoms
  A centaur (D:8)
  6 crocodiles
  3 bullfrogs (D:8)
  A scorpion (D:5)
  4 wights
  A crimson imp (D:8)
  A howler monkey (D:4)
  A bullfrog zombie (D:8)
  A jelly (D:8)
  2 centaur zombies
  A quasit (D:8)
  5 orc priests
  A hound (D:6)
  A bullfrog skeleton (D:6)
  A centaur skeleton (D:6)
  5 iguanas
  2 orc wizards
  6 worker ants
  A howler monkey zombie (D:7)
  3 gnolls
  12 adders
  2 shadow imps
  3 oozes
  An adder skeleton (D:7)
  4 worms
  2 dart slugs
  10 leopard geckos
  17 orcs
  6 bats
  7 giant cockroaches
  11 goblins
  7 hobgoblins
  12 jackals
  3 quokkas
  3 ball pythons
  A ball python skeleton (D:4)
  11 frilled lizards
  A giant cockroach zombie (D:6)
  A jackal skeleton (D:4)
  5 kobolds
  11 rats
212 creatures vanquished.

Vanquished Creatures (others)
  A slave (D:6)
  A worker ant (D:6)
  An iguana (D:6)
  2 orcs (D:6)
  2 jackals (D:6)
  A plant (D:8)
8 creatures vanquished.

Grand Total: 220 creatures vanquished

Notes
Turn   | Place    | Note
-------+----------+-------------------------------------------
     0 | D:1      | Delamore the Gargoyle Fighter began the quest for the Orb.
     0 | D:1      | Reached XP level 1. HP: 14/14 MP: 1/1
   169 | D:1      | Reached XP level 2. HP: 11/19 MP: 2/2
   330 | D:1      | Reached skill level 3 in Maces & Flails
  1012 | D:2      | Reached XP level 3. HP: 22/23 MP: 3/3
  1281 | D:2      | Reached skill level 4 in Maces & Flails
  1414 | D:2      | Found a basalt altar of Yredelemnul.
  1565 | D:2      | Reached XP level 4. HP: 27/28 MP: 4/4
  2574 | D:3      | Reached skill level 5 in Maces & Flails
  2579 | D:3      | Reached XP level 5. HP: 28/32 MP: 5/5
  2679 | D:3      | Found a sacrificial altar of Ru.
  3338 | D:4      | Reached skill level 6 in Maces & Flails
  3338 | D:4      | Reached XP level 6. HP: 32/37 MP: 6/6
  4196 | D:5      | Entered Level 5 of the Dungeon
  4241 | D:5      | Reached skill level 7 in Maces & Flails
  4277 | D:5      | Found a shimmering altar of Xom.
  4313 | D:5      | Noticed a phantom
  4319 | D:5      | Noticed Eustachio
  4383 | D:4      | Reached XP level 7. HP: 19/41 MP: 7/7
  4575 | D:4      | Killed Eustachio
  4653 | D:5      | Reached skill level 8 in Maces & Flails
  4940 | D:5      | Found a hide-covered altar of Uskayaw.
  4940 | D:5      | Found a hazy altar of Hepliaklqana.
  4940 | D:5      | Found an ornate altar of the Wu Jian Council.
  4940 | D:5      | Found a glowing silver altar of Zin.
  5005 | D:5      | Reached skill level 9 in Maces & Flails
  5005 | D:5      | Reached XP level 8. HP: 43/46 MP: 8/8
  5191 | D:5      | Found a bloodstained altar of Trog.
  5297 | D:5      | Found a burning altar of Makhleb.
  5420 | D:6      | Found a blossoming altar of Fedhas.
  5445 | D:6      | Noticed Pikel
  5449 | D:6      | Noticed Menkaure
  5474 | D:6      | Killed Pikel
  5474 | D:6      | Reached skill level 10 in Maces & Flails
  5502 | D:6      | Killed Menkaure
  5981 | D:6      | Found Omeubbi's Food Boutique.
  6102 | D:7      | Reached skill level 11 in Maces & Flails
  6111 | D:7      | Reached XP level 9. HP: 35/51 MP: 9/9
  6499 | D:7      | Noticed a hornet
  6511 | D:7      | Killed a hornet
  6571 | D:7      | Found a radiant altar of Vehumet.
  6692 | D:7      | Reached skill level 12 in Maces & Flails
  6910 | D:7      | Found a staircase to the Ecumenical Temple.
  6927 | Temple   | Entered the Ecumenical Temple
  7126 | Temple   | Became a worshipper of Warmaster Okawaru
  7310 | D:7      | Noticed Blork the orc
  7322 | D:7      | Found a shimmering blue altar of Sif Muna.
  7592 | D:8      | Reached * piety under Okawaru
  7592 | D:8      | Reached skill level 13 in Maces & Flails
  7715 | D:8      | HP: 1/51 [orc priest/divine providence (10)]
  8170 | D:8      | Found a staircase to the Lair.
  8385 | D:8      | Reached XP level 10. HP: 48/56 MP: 10/10
  8567 | D:8      | Noticed a two-headed ogre
  8588 | D:8      | Killed a two-headed ogre
  8588 | D:8      | Reached ** piety under Okawaru
  8588 | D:8      | Reached skill level 14 in Maces & Flails
  8606 | D:8      | Noticed a cyclops
  8625 | D:8      | Killed a cyclops
  8625 | D:8      | Reached skill level 5 in Shields
  8804 | D:8      | Noticed a two-headed ogre
  8965 | D:8      | Killed a two-headed ogre
  8965 | D:8      | Reached *** piety under Okawaru
  9137 | D:8      | Noticed Prince Ribbit
  9153 | D:8      | Killed Prince Ribbit
  9343 | D:8      | Got a scorched turquoise ring
  9344 | D:8      | Identified the ring of Withronn {rElec rN+ Int+2 Dex-5}
                  | (You found it on level 8 of the Dungeon)
  9824 | Lair:1   | Entered Level 1 of the Lair of Beasts
 10093 | Lair:1   | Noticed a spiny frog
 10108 | Lair:1   | Killed a spiny frog
 10115 | Lair:1   | Reached XP level 11. HP: 58/60 MP: 11/11
 10788 | Lair:1   | Reached skill level 10 in Shields
 10979 | Lair:2   | Found a dark tunnel.
 11073 | Volcano  | Entered a volcano
 11103 | Volcano  | Noticed a salamander mystic
 11107 | Volcano  | HP: 1/60 [something (22)]
 11124 | Volcano  | Killed a salamander mystic
 11124 | Volcano  | Reached **** piety under Okawaru
 11241 | Volcano  | Found a burning altar of Makhleb.
 11242 | Volcano  | Noticed a hell knight
 11248 | Volcano  | Noticed a salamander
 11249 | Volcano  | Noticed a salamander
 11249 | Volcano  | Noticed a salamander
 11262 | Volcano  | Killed a salamander
 11270 | Volcano  | Slain by a salamander

Illustrated notes

Levels and vault maps discovered:
D:1:      dpeg_arrival_arbitrary_a, layout_loops_ring,
          chequers_serial_rivers_room_b
D:2:      layout_loops_corners, yredelemnul_altar_generic
D:3:      layout_basic, nicolae_ru_sacrificial_ziggurat
D:4:      layout_cave_pools, first_ration, minmay_lizard_king
D:5:      layout_rooms, minmay_overflow_temple_hex, xom_teletrap_fun,
          uniq_eustachio
D:6:      layout_loops_ring, lemuel_crystal_altar, serial_shops,
          nicolae_shop_temple_entry_statues_fountains, uniq_menkaure, uniq_pikel
D:7:      layout_basic, nicolae_overflow_crystal_walls, tgw_sif,
          minmay_temple_entry_arrows, the_bakery, minmay_misc_feat_doors
D:8:      layout_loops_cross, grunt_lair_entry_orc_guard_hut, nzn_random_ring,
          uniq_prince_ribbit1
Temple:   chequers_temple_sunken
Lair:1:   layout_gridlike
Lair:2:   lemuel_slime, layout_regular_city, palyth_hydra_swamp_entry,
          enter_volcano_1
Volcano:  kennysheep_volcano_temple

Skill      XL: |  1  2  3  4  5  6  7  8  9 10 11 |
---------------+----------------------------------+-----
Maces & Flails | 3 4 5 6 7 9 11 13 14 | 14.0
Shields        | 9 10 | 10.9
Fighting       | |  3.2
Armour         | |  3.2

Action                   |  1- 3 |  4- 6 |  7- 9 | 10-12 || total
-------------------------+-------+-------+-------+-------++-------
Melee: Flail             |   184 |   363 |    37 |       ||   584
       Mace              |       |       |   370 |   331 ||   701
Throw: Javelin           |       |       |     9 |       ||     9
Invok: Heroism           |       |       |       |     1 ||     1
  Use: Scroll            |       |       |    14 |     3 ||    17
       Potion            |       |       |     1 |     2 ||     3
  Eat: Chunk             |     2 |    10 |    14 |     9 ||    35
Armor: Scale mail        |   106 |   313 |   181 |       ||   600
       Chain mail        |       |       |     6 |   154 ||   160
Dodge: Dodged            |    67 |   163 |    89 |    41 ||   360
Block: Kite shield       |   110 |   226 |   140 |   120 ||   596
